 Dungeon Crawl Stone Soup version 0.24.0-13-gcf9b3192b9 (webtiles) character file.

Game seed: 1634454211693660148, levelgen mode: deterministic

16377 Mesmaeker13 the Nimble (level 12, -2/87 HPs)
             Began as a Pale Draconian Conjurer on Nov 9, 2019.
             Was an Initiate of Hepliaklqana.
             Slain by a black mamba (14 damage)
             ... on level 1 of the Lair of Beasts.
             The game lasted 00:33:49 (16267 turns).

Mesmaeker13 the Nimble (Pale Draconian Conjurer)   Turns: 16267, Time: 00:33:50

Health: -2/87      AC: 11    Str: 11    XL:     12   Next: 9%
Magic:  28/28      EV: 18    Int: 19    God:    Hepliaklqana [......]
Gold:   467        SH:  0    Dex: 13    Spells: 8/21 levels left

rFire    + . .     SeeInvis .   y - +6 dagger (speed)
rCold    . . .     Gourm    .   (no shield)
rNeg     . . .     Faith    .   (armour unavailable)
rPois    .         Spirit   .   A - +1 hat
rElec    .         Reflect  .   (no cloak)
rCorr    .         Harm     .   G - +0 pair of gloves
MR       .....                  B - +0 pair of boots {Fly}
Stlth    ++........             u - amulet of Vitality {Regen+ HP+15}
HPRegen  0.64/turn              H - ring of magical power
MPRegen  0.21/turn              q - ring of protection from fire

@: lethally poisoned (-2 -> -3), about to teleport
A: breathe steam, unfitting armour, reduced essence, cold-blooded, AC +8
a: Breathe Steam, Recall Ancestor, Ancestor Identity, Renounce Religion, Evoke
Flight


You were on level 1 of the Lair of Beasts.
You worshipped Hepliaklqana.
Hepliaklqana was noncommittal.
You were not hungry.

You visited 3 branches of the dungeon, and saw 14 of its levels.

You collected 674 gold pieces.
You spent 207 gold pieces at shops.

Inventory:

Hand Weapons
 p - a +2 whip of freezing
 y - a +6 dagger of speed (weapon)
Missiles
 k - 46 poisoned darts (quivered)
Armour
 A - a +1 hat (worn)
 B - a +0 pair of boots of flying (worn)
 G - a +0 pair of gloves (worn)
Magical Staves
 r - an uncursed staff of poison
Jewellery
 a - an uncursed ring of ice
 m - an uncursed ring of resist corrosion
 o - an uncursed amulet of the acrobat
 q - a ring of protection from fire (right hand)
 u - the amulet of Vitality (around neck) {Regen+ HP+15}
   (You found it on level 4 of the Dungeon)

   [amulet of regeneration]

   It affects your health (+15).
   It increases your rate of regeneration.
 x - an uncursed amulet of magic regeneration
 F - an uncursed ring of magical power
 H - a ring of magical power (left hand)
Scrolls
 c - 5 scrolls of remove curse
 f - a scroll of immolation
 h - 3 scrolls of teleportation
 i - 2 scrolls of enchant weapon {unknown}
 l - 4 scrolls of enchant armour
 n - 2 scrolls of magic mapping {unknown}
 t - 2 scrolls of identify
 v - 2 scrolls of amnesia {unknown}
Potions
 d - a potion of might
 e - a potion of haste
 g - 2 potions of brilliance {unknown}
 j - 7 potions of degeneration {unknown}
 s - a potion of agility
 w - 2 potions of lignification {unknown}
 z - a potion of flight
 D - a potion of invisibility {unknown}
 E - a potion of berserk rage {unknown}
Miscellaneous
 C - a crystal ball of energy
Comestibles
 b - 23 rations


   Skills:
 + Level 10.7 Dodging
 - Level 1.7 Stealth
 - Level 5.0 Spellcasting
 - Level 10.0 Conjurations
 + Level 9.5 Hexes
 + Level 2.7 Fire Magic
 - Level 7.0 Air Magic


You had 8 spell levels left.
You knew the following spells:

 Your Spells              Type           Power        Failure   Level  Hunger
a - Magic Dart            Conj           ####         1%          1    None
b - Searing Ray           Conj           #####.       1%          2    #......
c - Fulminant Prism       Conj/Hex       #####.....   2%          4    ####...
d - Mephitic Cloud        Conj/Pois/Air  ####....     3%          3    ##.....
e - Conjure Flame         Conj/Fire      ####....     2%          3    ##.....

Your spell library contained the following spells:

 Spells                   Type           Power        Failure   Level  Hunger
 Slow                     Hex            #####...     1%          2    #......
 Dazzling Spray           Conj/Hex       #####.       1%          3    ##.....
 Iskenderun's Mystic Bla  Conj           #####...     1%          4    ####...
 Force Lance              Conj/Tloc      ###.....     16%         4    ####...
 Blink                    Tloc           N/A          19%         2    #......
 Call Imp                 Summ           #.......     19%         2    #......


Dungeon Overview and Level Annotations

Branches:
Dungeon (11/15)            Temple (1/1) D:7            Lair (2/6) D:9
    Orc (0/2) D:9
  Swamp: Lair:2-4    Shoals: Lair:2-4     Snake: Lair:2-4    Spider: Lair:2-4

Altars:
Ashenzari
Cheibriados
Dithmenos
Elyvilon
Fedhas
Gozag
Hepliaklqana
Kikubaaqudgha
Makhleb
Nemelex Xobeh
Okawaru
Qazlal
Ru
Sif Muna
Trog
Uskayaw
Vehumet
Wu Jian
Xom
Yredelemnul
Zin
The Shining One

Shops:
D:6 !

Annotations:
D:10 exclusion: obsidian statue


Innate Abilities, Weirdness & Mutations

You can breathe blasts of scalding, opaque steam.
Your pale cyan-grey scales are hard. (AC +8)
You cannot fit into any form of body armour.
You are cold-blooded and may be slowed by cold attacks.
Your life essence is reduced to manifest your ancestor. (-10% HP)


Message History

Unknown command.
As you read the scroll labeled BIERUSK ESIROY, it crumbles to dust.
The creatures around you are filled with an inner flame!
It was a scroll of immolation.
You feel sick. The black mamba bites you! The black mamba bites you.
The black mamba bites you!
* * * LOW HITPOINT WARNING * * *
Okay, then.
Unknown command.
As you read the scroll of teleportation, it crumbles to dust.
You feel strangely unstable.
You feel sick. The black mamba closely misses you.
The black mamba bites you but does no damage. x2
The black mamba bites you!
* * * LOW HITPOINT WARNING * * *
Okay, then.
You feel sick. The black mamba completely misses you.
You have got your breath back.
You feel sick. The black mamba barely misses you.
The black mamba bites you but does no damage.
You feel sick. The black mamba bites you!
You die...

#...#### #......## ### #........
#.#.##### ##.## ##....##.
#.#.....## ###.>.####....#..
#..#.....# ###.......##.......
#.##..... ###.....8.....#......
#.#P...# #.#.SS##.##....#...##
#......# ###..@###..#....###.##
#.##...# #....####.###....##..#
#.#^...#####...#.#....##...##..#
#...##.........................#
#....##...8.....8..>..8.....8..#
##....##..+................÷....#
......###.#.....###...###...##.##
......####..#...####†####...####
.....##...#.##....#...##†...#


You could see 2 black mambas.

Vanquished Creatures
  Gastronok (Lair:1)
  Fannar (D:10)
  Erolcha (D:9)
  A hydra (Lair:1)
  Harold (Lair:1)
  Urug (Lair:1)
  Pikel (D:4)
  An ice statue (D:10)
  A black mamba (Lair:1)
  3 spiny frogs
  A gargoyle (D:10)
  A hornet (D:9)
  Prince Ribbit (D:6)
  3 blink frogs (D:9)
  2 hippogriffs
  Sigmund (D:6)
  A wraith (D:10)
  9 yaks
  A hungry ghost (D:7)
  A soldier ant (D:8)
  An acid dragon (D:9)
  2 water moccasins
  A porcupine (Lair:1)
  2 ice beasts
  2 orc warriors
  2 sky beasts
  A black bear (D:5)
  3 necrophages
  5 wolves (Lair:1)
  4 ogres
  3 phantoms
  7 centaurs
  5 crocodiles
  2 big kobolds
  5 bullfrogs
  A wyvern skeleton (D:10)
  5 scorpions
  A howler monkey (D:6)
  8 crimson imps
  A centaur zombie (D:7)
  A jelly (D:9)
  A bullfrog zombie (D:8)
  6 hounds
  A quasit (D:7)
  5 orc priests
  4 orc wizards
  A centaur skeleton (D:5)
  3 iguanas
  An ancestor (Lair:1)
  13 worker ants
  A hound skeleton (D:6)
  A worker ant zombie (D:5)
  A howler monkey zombie (D:7)
  Robin (D:2)
  3 gnolls (D:7)
  14 adders
  2 shadow imps (D:7)
  An adder skeleton (D:6)
  6 worms
  4 dart slugs
  9 leopard geckos
  45 orcs
  5 bats
  3 giant cockroaches
  19 goblins
  14 hobgoblins
  13 jackals
  3 quokkas
  3 frilled lizards
  A jackal skeleton (D:4)
  15 kobolds
  A quokka skeleton (D:5)
  5 rats
  A plant (Lair:1)
301 creatures vanquished.

Vanquished Creatures (collateral kills)
  A hippogriff (Lair:1)
  A yak (Lair:1)
  A porcupine (Lair:1)
3 creatures vanquished.

Vanquished Creatures (others)
  5 ancestors (Lair:1)
  49 fulminant prisms
54 creatures vanquished.

Grand Total: 358 creatures vanquished

Notes
Turn   | Place    | Note
-------+----------+-------------------------------------------
     0 | D:1      | Mesmaeker13 the Draconian Conjurer began the quest for the
                  | Orb.
     0 | D:1      | Reached XP level 1. HP: 14/14 MP: 3/3
   615 | D:1      | Reached XP level 2. HP: 20/20 MP: 0/5
  1083 | D:1      | Reached XP level 3. HP: 20/26 MP: 0/6
  1234 | D:1      | You fall into a shaft and drop 1 floor!
  1587 | D:2      | Learned a level 2 spell: Searing Ray
  1693 | D:2      | Found a faded altar of an unknown god.
  2179 | D:2      | Reached XP level 4. HP: 28/33 MP: 4/8
  2848 | D:3      | Noticed Robin
  2859 | D:2      | Reached XP level 5. HP: 24/38 MP: 0/9
  2986 | D:2      | Killed Robin
  3100 | D:3      | Reached skill level 5 in Conjurations
  3724 | D:4      | Found Zin's Purification Station.
  3727 | D:4      | Found a glowing silver altar of Zin.
  3883 | D:4      | Bought a potion of curing for 90 gold pieces
  3925 | D:4      | Reached XP level 6. HP: 45/45 MP: 2/11
  4134 | D:4      | Found the amulet of Vitality {Regen+ HP+15}
  4716 | D:4      | Noticed a water moccasin
  4726 | D:4      | Killed a water moccasin
  4726 | D:4      | Your scales start taking on a pale cyan-grey colour.
  4726 | D:4      | Reached XP level 7. HP: 29/50 MP: 3/13
  5291 | D:4      | Found a sacrificial altar of Ru.
  5475 | D:4      | Found a blossoming altar of Fedhas.
  5792 | D:5      | Entered Level 5 of the Dungeon
  6151 | D:4      | Reached skill level 5 in Spellcasting
  6204 | D:4      | Learned a level 4 spell: Fulminant Prism
  6223 | D:5      | Noticed a +0 dagger
  6225 | D:5      | Noticed a +0 dagger
  6228 | D:5      | Found a hide-covered altar of Uskayaw.
  6256 | D:5      | Reached skill level 5 in Dodging
  6426 | D:5      | Reached skill level 1 in Hexes
  6426 | D:5      | Reached XP level 8. HP: 57/57 MP: 3/15
  6800 | D:5      | Noticed Pikel
  6840 | D:4      | Killed Pikel
  7244 | D:6      | Noticed Sigmund
  7247 | D:6      | Killed Sigmund
  7247 | D:6      | Reached XP level 9. HP: 62/62 MP: 13/16
  7628 | D:6      | Noticed Prince Ribbit
  7638 | D:6      | Killed Prince Ribbit
  8435 | D:6      | Found a shimmering altar of Xom.
  8556 | D:6      | Found Buggodeo's Distillery.
  8564 | D:6      | Bought a potion of heal wounds for 65 gold pieces
  8564 | D:6      | Bought a potion of agility for 52 gold pieces
  8809 | D:7      | Reached skill level 5 in Hexes
  9000 | D:7      | Found a staircase to the Ecumenical Temple.
  9735 | D:8      | Reached XP level 10. HP: 68/68 MP: 12/17
 10471 | D:8      | Found a shadowy altar of Dithmenos.
 10653 | D:9      | Paralysed by a hornet for 2 turns
 10656 | D:9      | Paralysed by a hornet for 1 turns
 10769 | D:9      | Noticed Erolcha
 11022 | D:9      | Killed Erolcha
 11022 | D:9      | Reached skill level 10 in Conjurations
 11126 | D:9      | Learned a level 3 spell: Mephitic Cloud
 11266 | D:9      | Found a staircase to the Orcish Mines.
 11416 | D:9      | Found a staircase to the Lair.
 11871 | D:10     | Entered Level 10 of the Dungeon
 12028 | D:10     | Noticed an ice statue
 12234 | D:10     | Killed an ice statue
 12234 | D:10     | Reached skill level 1 in Air Magic
 12507 | D:10     | Noticed a gargoyle
 12517 | D:10     | Killed a gargoyle
 12909 | D:10     | Noticed an obsidian statue
 12914 | D:10     | Noticed a sun demon
 13271 | D:10     | Noticed Fannar
 13314 | D:10     | Killed Fannar
 13314 | D:10     | Reached XP level 11. HP: 16/74 MP: 18/18
 13898 | D:10     | Noticed a sixfirhy
 14113 | D:10     | Noticed a sixfirhy
 14310 | Lair:1   | Entered Level 1 of the Lair of Beasts
 14869 | Temple   | Entered the Ecumenical Temple
 14918 | Temple   | Became a worshipper of Hepliaklqana the Forgotten
 15069 | Lair:1   | Noticed Urug
 15084 | Lair:1   | Reached skill level 5 in Air Magic
 15323 | Lair:1   | Killed Urug
 15380 | Lair:1   | Reached skill level 10 in Dodging
 15485 | Lair:1   | Noticed Gastronok
 15529 | Lair:1   | Killed Gastronok
 15591 | Lair:1   | Noticed Harold
 15600 | Lair:1   | Killed Harold
 15606 | Lair:1   | Learned a level 3 spell: Conjure Flame
 15798 | Lair:1   | Noticed a five-headed hydra
 15816 | Lair:1   | Reached skill level 1 in Fire Magic
 15818 | Lair:1   | Killed a five-headed hydra
 15818 | Lair:1   | Reached XP level 12. HP: 72/72 MP: 8/19
 16021 | Lair:1   | You fall into a shaft and drop 1 floor!
 16267 | Lair:1   | Slain by a black mamba

Levels and vault maps discovered:
D:1:      tarquinn_simple_flora_water_b, layout_loops_ring,
          minmay_splitting_lines, serial_bayou_lagoon_a
D:2:      layout_basic, chequers_ecumenical_altar_simple_redux
D:3:      layout_rooms, minmay_diced_spiral, uniq_robin
D:4:      minmay_general_purpose_star, layout_basic, marbit_many_paths,
          zin_purify, kennysheep_mini_moat, first_ration
D:5:      layout_cave_pools, dancing_weapons_uskayaw, uniq_pikel
D:6:      layout_cave_pods, lemuel_doored_altar, serial_shops, shop,
          uniq_sigmund, uniq_prince_ribbit1
D:7:      layout_rooms, minmay_temple_entry_statues_pillars
D:8:      nicolae_whirlpool, layout_cave_pools, kennysheep_little_box
D:9:      layout_loops_ring, lair_entry_dummy, hangedman_pestilent_swarm,
          uniq_erolcha
D:10:     minmay_separated_statues, layout_gridville, uniq_fannar
D:11:     layout_cave_pools
Temple:   eino_temple_rhombus
Lair:1:   layout_misc_corridors, st_stairs_11, infiniplex_staircase_pool,
          grunt_megastairs_5, uniq_urug, uniq_harold, uniq_sonja, uniq_gastronok
Lair:2:   beast_lair_carwin_large_4, layout_regular_city,
          palyth_hydra_swamp_entry, hangedman_lair_unloving_vines

Skill      XL: |  1  2  3  4  5  6  7  8  9 10 11 |
---------------+----------------------------------+-----
Dodging        | 2 3 4 5 6 7 9 10 | 10.7
Spellcasting   | 3 4 5 |  5.0
Conjurations   | 5 6 7 9 10 | 10.0
Hexes          | 1 3 5 7 9 |  9.5
Air Magic      | 4 7 |  7.0
Fire Magic     | 2 |  2.7
Stealth        | |  1.7

Action                   |  1- 3 |  4- 6 |  7- 9 | 10-12 || total
-------------------------+-------+-------+-------+-------++-------
Melee: Unarmed           |    45 |       |       |       ||    45
       Tailslap          |     6 |    10 |    11 |    18 ||    45
       Spear             |     2 |    60 |       |       ||    62
       Dagger            |       |    38 |    22 |    97 ||   157
       Whip              |       |       |    53 |   109 ||   162
Throw: Dart              |     9 |    15 |     4 |       ||    28
       Throwing net      |       |       |     2 |       ||     2
 Cast: Magic Dart        |    77 |   119 |   196 |   109 ||   501
       Searing Ray       |     3 |    11 |    27 |    38 ||    79
       Fulminant Prism   |       |       |     4 |    45 ||    49
       Mephitic Cloud    |       |       |       |     8 ||     8
Invok: Recall Ancestor   |       |       |       |     1 ||     1
 Abil: Breathe Steam     |       |       |     9 |    14 ||    23
       Stop Flying       |       |       |       |     1 ||     1
Evoke: Wand              |       |       |    14 |     8 ||    22
  Use: Scroll            |       |     4 |     5 |     9 ||    18
       Potion            |       |       |     1 |    10 ||    11
 Stab: Confused          |       |       |       |     6 ||     6
  Eat: Chunk             |     5 |     7 |     9 |     7 ||    28
       Ration            |       |     1 |     3 |     6 ||    10
Armor: Skin              |    23 |    37 |    45 |   109 ||   214
Dodge: Dodged            |    29 |   126 |   172 |   376 ||   703
